 Dungeon Crawl Stone Soup version 0.28-a0-465-ge2dae52223 (webtiles) character file.

Game seed: 7837559126159013003

142 Yaksher the Conjurer (level 5, -6/28 HPs)
             Began as a Deep Elf Conjurer on Sept 14, 2021.
             Was an Initiate of Sif Muna.
             Mangled by an orc warrior (11 damage)
             ... on level 4 of the Dungeon.
             The game lasted 00:21:26 (4381 turns).

Yaksher the Conjurer (Deep Elf Conjurer)            Turns: 4381, Time: 00:21:26

Health: -6/28      AC:  2    Str:  1 (4)  XL:     5   Next: 4%
Magic:  7/13       EV: 12    Int: 22 (24) God:    Sif Muna [......]
Gold:   188        SH:  0    Dex: 11 (13) Spells: 9/12 levels left

rFire   . . .      SeeInvis .   b - +2 dagger (protect)
rCold   . . .      Faith    .   (no shield)
rNeg    . . .      Spirit   .   a - +0 robe
rPois   .          Reflect  .   (no helmet)
rElec   .          Harm     .   (no cloak)
rCorr   .          Rampage  .   (no gloves)
Will    .....                   (no boots)
Stlth   ++........              (no amulet)
HPRegen 0.09/turn               (no ring)
MPRegen 0.13/turn               (no ring)

@: no status effects
A: reduced essence
a: Renounce Religion


You were on level 4 of the Dungeon.
You worshipped Sif Muna.
Sif Muna was noncommittal.
You visited 2 branches of the dungeon, and saw 5 of its levels.

You collected 188 gold pieces.

Inventory:

Hand Weapons
 b - a +2 dagger of protection (weapon)
Armour
 a - a +0 robe (worn)
Scrolls
 c - a scroll of fog {unknown}
 d - 2 scrolls of vulnerability {unknown}
 g - a scroll of enchant armour {unknown}
 h - a scroll of identify
 k - a scroll of holy word {unknown}
Potions
 e - 2 potions of attraction
 f - a potion of curing {unknown}
 j - a potion of ambrosia {unknown}
 l - a potion of heal wounds {unknown}
 m - a potion of might {unknown}
 n - a potion of flight {unknown}


   Skills:
 + Level 3.4 Dodging
 + Level 3.4 Stealth
 + Level 4.1 Spellcasting
 * Level 5.7 Conjurations
 + Level 0.1 Hexes
 + Level 0.0 Fire Magic


You had 9 spell levels left.
You knew the following spells:

 Your Spells              Type           Power      Damage    Failure   Level
a - Magic Dart            Conj           100%       1d8       1%          1
b - Searing Ray           Conj           58%        2d6       1%          2

Your spell library contained the following spells:

 Spells                   Type           Power      Damage    Failure   Level
 Foxfire                  Conj/Fire      68%        2x1d7     3%          1
 Conjure Flame            Conj/Fire      17%        6-21      10%         3
 Dazzling Flash           Conj/Hex       34%        N/A       10%         3
 Inner Flame              Hex/Fire       5%         N/A       32%         3
 Flame Wave               Conj/Fire      17%        3d5       32%         4
 Fulminant Prism          Conj/Hex       8%         3d7       32%         4
 Iskenderun's Mystic Bla  Conj/Tloc      17%        2d5       34%         4
 Chain Lightning          Conj/Air       8%         3d11      100%        9
 Fire Storm               Conj/Fire      8%         8d2       100%        9
 Shatter                  Erth           2%         3d6*      100%        9


Dungeon Overview and Level Annotations

Branches:
Dungeon (4/15)             Temple (1/1) D:4

Altars:
Cheibriados
Elyvilon
Gozag
Hepliaklqana
Kikubaaqudgha
Makhleb
Qazlal
Ru
Sif Muna
Trog
Uskayaw
Zin


Message History

There is an open door here.
Casting: Searing Ray (safe; 1% risk of failure)
Confirm with . or Enter, or press ? or * to list all spells.
Aiming: Magic Dart (safe; 1% risk of failure)
Press: ? - help, Shift-Dir - straight line, f - orc warrior
Aim: an orc warrior, wielding a +0 hand axe and wearing a +0 plate armour (100% to hit)
The magic dart hits the orc warrior but does no damage.
Casting: Magic Dart (safe; 1% risk of failure)
Confirm with . or Enter, or press ? or * to list all spells.
Aiming: Magic Dart (safe; 1% risk of failure)
Press: ? - help, Shift-Dir - straight line, f/p - orc warrior
Aim: an orc warrior, wielding a +0 hand axe and wearing a +0 plate armour (100% to hit)
The magic dart hits the orc warrior.
The orc warrior is lightly wounded.
Casting: Magic Dart (safe; 1% risk of failure)
Confirm with . or Enter, or press ? or * to list all spells.
Aiming: Searing Ray (safe; 1% risk of failure)
Press: ? - help, Shift-Dir - straight line, f/p - orc warrior
Aim: an orc warrior, wielding a +0 hand axe and wearing a +0 plate armour (lightly wounded, 81% to hit)
The searing ray hits the orc warrior but does no damage.
The orc warrior is lightly wounded. (Press . to maintain the ray.)
An adder comes into view.
The searing ray hits the orc warrior but does no damage.
The orc warrior is lightly wounded.
The searing ray hits the orc warrior but does no damage.
The orc warrior is lightly wounded.
The searing ray hits the orc warrior.
The orc warrior is moderately wounded.
You finish channelling your searing ray.
The orc warrior hits you with a +0 hand axe!
The orc warrior closely misses you.
The orc warrior hits you with a +0 hand axe.
The orc warrior hits you with a +0 hand axe!
* * * LOW HITPOINT WARNING * * *
It was a potion of degeneration.
There was something very wrong with that liquid.
You feel weakened.
You feel dopey.
You feel clumsy.
The orc warrior hits you with a +0 hand axe!
You die...

.......# ##≈≈# #≈≈#...#
.###...###≈≈###...###≈≈..##
## ##...##≈##≈##.##≈##≈..#
#### # ##..##≈#≈≈#.≈.#≈≈#≈.##
#... ##..#≈≈≈≈##.##≈≈≈≈##
##... ##.....≈#.≈.#≈#..#
##.... # ##.....≈##.##≈#..#
##...## ##
##......≈≈#o#≈≈#..####...##
.##
#......≈≈##@##≈≈....<....#
..##
#......≈##≈≈≈##≈.......###
#..###......≈#≈≈#≈≈#).#...###
##..########≈≈≈###≈≈≈######
##..## ##...##..## ##..#
###..#.## ##.## ##...# ##.#
###.### #.# ##..##


You could see an orc warrior.

Vanquished Creatures
  A necrophage (D:4)
  A scorpion (D:4)
  A howler monkey (D:4)
  2 jellies
  Jessica (D:3)
  3 adders
  3 dart slugs
  2 orcs (D:4)
  2 endoplasms
  4 giant cockroaches
  3 goblins
  6 hobgoblins
  7 jackals (D:2)
  4 quokkas
  8 ball pythons
  8 bats
  4 frilled lizards
  6 kobolds
  8 rats
74 creatures vanquished.

Notes
Turn   | Place    | Note
-------+----------+-------------------------------------------
     0 | D:1      | Yaksher the Deep Elf Conjurer began the quest for the Orb.
     0 | D:1      | Reached XP level 1. HP: 10/10 MP: 6/6
   340 | D:1      | Found a faded altar of an unknown god.
   628 | D:1      | Reached XP level 2. HP: 15/15 MP: 5/8
   687 | D:1      | Learned a level 2 spell: Searing Ray
  1176 | D:1      | Reached skill level 5 in Conjurations
  1375 | D:2      | Reached XP level 3. HP: 19/19 MP: 6/9
  2345 | D:3      | Upgraded the game from 0.28-a0-461-g2dc4ca5097 to
                  | 0.28-a0-465-ge2dae52223
  2353 | D:3      | Reached XP level 4. HP: 24/24 MP: 7/11
  2581 | D:3      | Noticed Jessica
  2584 | D:3      | Killed Jessica
  2637 | D:3      | Found a hazy altar of Hepliaklqana.
  2643 | D:3      | Became a worshipper of Hepliaklqana the Forgotten
  2724 | D:3      | Reached XP level 5. HP: 28/28 MP: 11/13
  3206 | D:4      | Found a staircase to the Ecumenical Temple.
  3216 | Temple   | Entered the Ecumenical Temple
  3582 | Temple   | Fell from the grace of Hepliaklqana
  3582 | Temple   | Became a worshipper of Sif Muna the Loreminder
  3890 | D:4      | Noticed a necrophage
  3895 | D:4      | Killed a necrophage
  4371 | D:4      | Noticed an orc warrior
  4381 | D:4      | Mangled by an orc warrior

Illustrated notes

Levels and vault maps discovered:
D:1:      minmay_arrival_arboretum_small, layout_loops_corners,
          shapermc_ecumenical_altar_mp_urbaneastern, minivault_27,
          grunt_decor_one_mirror
D:2:      layout_loops_cross, small_statue_intersection, st_stairs_6
D:3:      layout_basic, mainiacjoe_overflow_24_doors, uniq_jessica
D:4:      layout_layer_cave, minmay_temple_entry_stoned_glass,
          hangedman_abyss_or_decor_passed, minmay_manual_mullet
Temple:   grunt_temple_mini_profane

Skill      XL: |  1  2  3  4 |
---------------+-------------+-----
Conjurations   | 5 |  5.7
Dodging        | 3 |  3.4
Stealth        | 3 |  3.4
Spellcasting   | 4 |  4.1
Hexes          | |  0.1

Action                   |  1- 3 |  4- 6 || total
-------------------------+-------+-------++-------
 Cast: Magic Dart        |    85 |    47 ||   132
       Searing Ray       |     5 |     7 ||    12
  Use: Scroll            |       |     1 ||     1
       Potion            |       |     1 ||     1
Armor: Robe              |     2 |     3 ||     5
Dodge: Dodged            |     7 |     3 ||    10

Table legend: (Time is in decaauts)
 A = Elapsed time spent in this place.
 B = Non-inter-level travel time spent in this place.
 C = Inter-level travel time spent in this place.
 D = Time resting spent in this place.
 E = Time spent auto-exploring this place.
 F = Levels seen in this place.
 G = Mean time per level.
                   A        B        C        D        E       F      G
               +--------+--------+--------+--------+--------+-----+--------+
         Total |   4399 |   4030 |    369 |      0 |   3704 |   5 |  879.8 |
       Dungeon |   4008 |   3860 |    148 |      0 |   3539 |   4 | 1002.0 |
        Temple |    391 |    170 |    221 |      0 |    165 |   1 |  391.0 |
               +--------+--------+--------+--------+--------+-----+--------+

Top non-repeatable levels by time:
     D:1: 1269 daAuts
     D:3: 1011 daAuts
     D:4: 905 daAuts
     D:2: 821 daAuts
  Temple: 391 daAuts
